 Dungeon Crawl Stone Soup version 0.31-a0-437-g7cee417757 (webtiles) character file.

Game seed: 106809316682701514

3065 Digitaldip the Basher (level 9, 0/73 (75) HPs)
             Began as a Minotaur Berserker on Aug 2, 2023.
             Was a Priest of Trog.
             Slain by a gnoll sergeant
             ... wielding a +0 trident
              (4 damage)
             ... on level 7 of the Dungeon.
             The game lasted 00:34:55 (7637 turns).

Digitaldip the Basher (Minotaur Berserker)          Turns: 7637, Time: 00:34:56

HP:   0/73 (75)     AC:  7    Str: 26    XL:     9   Next: 57%
MP:   17/17         EV: 10    Int: 11    God:    Trog [***...]
Gold: 242           SH: 19    Dex: 10    Spells: 8/8 levels left

rFire   . . .        y - +4 flail (protect)
rCold   . . .        r - +1 tower shield of Elyvilon, Devouring {Will+ Int+7}
rNeg    . . .        k - +0 ring mail
rPois   .            (helmet restricted)
rElec   .            (no cloak)
rCorr   +            n - +0 pair of gloves
SInv    .            (no boots)
Will    +++..        u - amulet of the acrobat
Stlth   +            h - ring of resist corrosion
HPRegen 1.32/turn    t - ring of magical power
MPRegen 0.15/turn

%: acrobat
@: strong-willed, on berserk cooldown, regenerating, slowed, lightly drained,
very slow
A: horns 2, retaliatory headbutt, claws 1, large bone plates 1
a: Renounce Religion, Berserk, Trog's Hand


You were on level 7 of the Dungeon.
You worshipped Trog.
Trog was most pleased with you.
You visited 1 branch of the dungeon, and saw 7 of its levels.

You collected 242 gold pieces.

Inventory:

Hand Weapons
 a - a +0 hand axe
 m - a +0 hand axe
 x - a +3 sling
 y - a +4 flail of protection (weapon)
 I - a +0 flail
 L - a +1 dagger of holy wrath
 M - a +3 quarterstaff of chaos
Missiles
 g - 48 stones
 N - a throwing net
Armour
 b - a +0 animal skin
 k - a +0 ring mail (worn)
 n - a +0 pair of gloves (worn)
 o - a +0 ring mail
 q - a +0 ring mail
 r - the +1 tower shield of Elyvilon, Devouring (worn) {Will+ Int+7}
   (You found it on level 2 of the Dungeon)

   Int:       It affects your intelligence (+7).
   Will:      It increases your willpower.
 s - a +0 pair of boots
 D - a +0 hat
 K - a +2 robe
Jewellery
 h - a ring of resist corrosion (left hand)
 t - a ring of magical power (right hand)
 u - an amulet of the acrobat (around neck)
Talismans
 Q - a serpent talisman
Wands
 C - a wand of charming (10)
 G - a wand of flame (1)
Scrolls
 c - a scroll of blinking (quivered)
 d - a scroll of fog {unknown}
 i - 6 scrolls of teleportation {unknown}
 j - a scroll of enchant armour {unknown}
 p - 2 scrolls of butterflies {unknown}
 w - 2 scrolls of identify {unknown}
 O - a scroll of revelation {unknown}
 P - a scroll of immolation {unknown}
Potions
 e - 3 potions of mutation
 f - a potion of magic
 l - 2 potions of attraction {unknown}
 v - 2 potions of heal wounds {unknown}
 z - a potion of curing {unknown}
 A - 2 potions of lignification {unknown}
 B - a potion of invisibility {unknown}
 E - a potion of berserk rage {unknown}
 F - a potion of degeneration {unknown}
 H - a potion of cancellation {unknown}
 J - 2 potions of might {unknown}


   Skills:
 + Level 5.8 Fighting
 - Level 6.0(8.3) Axes
 * Level 8.9(9.7) Maces & Flails
 + Level 6.5 Armour
 + Level 5.7 Dodging
 - Level 0.7 Stealth
 + Level 7.7 Shields


You had 8 spell levels left.
You didn't know any spells.
Your spell library contained the following spells:

 Spells                   Type           Power      Damage    Failure   Level
 Scorch                   Fire           0%         2d5       96%         2
 Flame Wave               Conj/Fire      0%         2d4       100%        4
 Summon Cactus Giant      Summ           0%         N/A       100%        6


Dungeon Overview and Level Annotations

Branches:
Dungeon (7/15)
 Temple: D:4-7

Altars:
Cheibriados
Gozag
Makhleb
Okawaru
Ru
Sif Muna
Vehumet
Yredelemnul

Annotations:
D:7 Eustachio


Innate Abilities, Weirdness & Mutations

You have a pair of horns on your head.
You reflexively headbutt those who attack you in melee.
You have sharp fingernails.
You are partially covered in large bone plates. (SH +4)


Message History

Eustachio blinks!
You block the quokka's attack. The gnoll sergeant closely misses you.
The quokka closely misses you. You furiously retaliate!
You headbutt the quokka!
You kill the quokka!
The quokka's corpse disappears in a puff of smoke!
You barely miss the white imp. You headbutt the white imp.
The white imp is heavily wounded.
The gnoll sergeant closely misses you. You block the white imp's attack.
You block the gnoll sergeant's attack.
You closely miss the white imp.
The white imp is heavily wounded.
You block the white imp's attack. The gnoll sergeant barely misses you.
The white imp gestures at you. The puff of frost hits you.
You closely miss the white imp.
The white imp is heavily wounded.
The gnoll sergeant hits you with a +0 trident.
* * * LOW HITPOINT WARNING * * *
Eustachio casts a spell.
You block the white imp's attack. The gnoll sergeant closely misses you.
Eustachio casts a spell.
Eustachio blinks!
The white imp gestures at you. The puff of frost hits you!
* * * LOW HITPOINT WARNING * * *
The gnoll sergeant closely misses you.
Eustachio gestures wildly while chanting.
The gnoll sergeant completely misses you.
Eustachio gestures wildly while chanting.
The white imp gestures at you. You block the puff of frost.
Your skin crawls.
You feel strong-willed. You block the bat's attack.
The gnoll sergeant closely misses you. The white imp hits you.
* * * LOW HITPOINT WARNING * * *
The white imp freezes you.
* * * LOW HITPOINT WARNING * * *
The gnoll sergeant hits you from afar with a +0 trident.
You die...

..........# #
.........# # ###
#........# # #..
#..###...# # #.#
#..#)#...# # ####.#
#.b###...# # #.##.#
#.......#
###.#..#####.)g5@..#
..>........!5.######
#.#.#.....rrb.#
#.#.#.....@...#
#.#.#...r...r§#
..#.#.......r.#
###.#.........#
..#.#.........#
#.#.#.........#


You could see a gnoll sergeant, a crimson imp (summoned), a river rat
(summoned), a white imp (summoned), a quokka (summoned) and a bat (summoned).

Vanquished Creatures
  The ghost of gyole the Cudgeller, an amateur TrGl of Zin (D:4)
  Sigmund (D:6)
  A steam dragon (D:7)
  Edmund (D:4)
  A water moccasin (D:6)
  An acid dragon (D:6)
  A black bear (D:7)
  A sky beast (D:6)
  2 centaurs
  An ogre (D:6)
  3 phantoms
  Blork the orc (D:7)
  A bullfrog (D:6)
  2 scorpions
  A water moccasin zombie (D:4)
  A wight (D:7)
  2 howler monkeys (D:5)
  A crimson imp (D:5)
  A centaur zombie (D:4)
  A bullfrog zombie (D:4)
  8 hounds
  3 quasits (D:4)
  2 orc priests
  Crazy Yiuf (D:6)
  A sleepcap (D:4)
  2 jellies
  An orc wizard (D:6)
  3 iguanas
  8 gnolls
  18 adders
  A shadow imp (D:4)
  5 white imps
  3 ufetubi (D:4)
  An adder zombie (D:4)
  A worm (D:4)
  A dart slug (D:4)
  12 orcs
  2 ball pythons
  5 endoplasms
  4 giant cockroaches
  6 goblins
  7 hobgoblins
  7 kobolds
  5 quokkas
  A bat (D:2)
  3 frilled lizards
  13 rats
149 creatures vanquished.

Notes
Turn   | Place    | Note
-------+----------+-------------------------------------------
     0 | D:1      | Digitaldip the Minotaur Berserker began the quest for the
                  | Orb.
     0 | D:1      | Reached XP level 1. HP: 19/19 MP: 0/0
   602 | D:1      | Found a faded altar of an unknown god.
   738 | D:1      | Reached XP level 2. HP: 27/27 MP: 1/1
  1221 | D:2      | Identified the +1 tower shield of Elyvilon, Devouring
                  | {Will+ Int+7}
  1257 | D:2      | Reached XP level 3. HP: 30/33 MP: 2/2
  2132 | D:3      | Reached ** piety under Trog
  2142 | D:3      | Found a shimmering blue altar of Sif Muna.
  2265 | D:3      | Reached XP level 4. HP: 30/40 MP: 3/3
  2355 | D:3      | Reached skill level 1 in Shields
  2613 | D:3      | Found a sacrificial altar of Ru.
  3198 | D:4      | Reached XP level 5. HP: 42/46 MP: 4/4
  3231 | D:4      | Reached skill level 5 in Axes
  3264 | D:4      | Reached XP level 6. HP: 42/53 MP: 5/5
  3434 | D:4      | Noticed Edmund
  3447 | D:4      | Killed Edmund
  3661 | D:4      | Found a large runed translucent door.
  3661 | D:4      | Found a large runed translucent door.
  3663 | D:4      | Noticed gyole's ghost (amateur TrGl)
  3696 | D:4      | Killed gyole's ghost
  3697 | D:4      | Reached skill level 2 in Maces & Flails
  3697 | D:4      | Reached skill level 5 in Armour
  3697 | D:4      | Reached XP level 7. HP: 51/60 MP: 6/6
  3801 | D:4      | Reached skill level 3 in Maces & Flails
  3816 | D:4      | Found an opulent altar of Gozag.
  4715 | D:4      | Found a basalt altar of Yredelemnul.
  4793 | D:5      | Entered Level 5 of the Dungeon
  4803 | D:5      | Reached XP level 8. HP: 67/67 MP: 7/7
  4806 | D:5      | Reached skill level 4 in Maces & Flails
  4806 | D:5      | Reached skill level 5 in Shields
  4813 | D:5      | Reached skill level 5 in Fighting
  5116 | D:5      | Reached *** piety under Trog
  5220 | D:5      | Reached skill level 5 in Maces & Flails
  5334 | D:5      | Found a radiant altar of Vehumet.
  5335 | D:5      | Found a burning altar of Makhleb.
  5833 | D:5      | Reached skill level 5 in Dodging
  6118 | D:5      | Found a snail-covered altar of Cheibriados.
  6323 | D:6      | Reached skill level 6 in Maces & Flails
  6379 | D:6      | Gained mutation: You are partially covered in large bone
                  | plates. (SH +4) [potion of mutation]
  6379 | D:6      | Gained mutation: You have sharp fingernails. [potion of
                  | mutation]
  6636 | D:6      | Noticed Sigmund
  6671 | D:6      | Reached skill level 7 in Maces & Flails
  6671 | D:6      | Reached XP level 9. HP: 51/74 MP: 8/8
  6688 | D:6      | Killed Sigmund
  6938 | D:6      | Found a runed translucent door.
  6939 | D:6      | Noticed Crazy Yiuf
  6945 | D:6      | Killed Crazy Yiuf
  7212 | D:6      | Found an iron altar of Okawaru.
  7323 | D:7      | Reached skill level 8 in Maces & Flails
  7603 | D:7      | Noticed Blork the orc
  7603 | D:7      | Noticed Eustachio
  7614 | D:7      | Killed Blork the orc
  7637 | D:7      | Slain by a gnoll sergeant

Illustrated notes

Levels and vault maps discovered:
D:1:      mainiacjoe_arrival_reflecting_pool, layout_loops_ring,
          shapermc_ecumenical_altar_notcrosses, minmay_rat_gold_closets
D:2:      layout_basic
D:3:      kennysheep_six_static_rooms, layout_basic,
          mainiacjoe_overflow_boulevard, nicolae_overflow_crystal_walls,
          minmay_misc_feat_rows, minmay_misc_feat_alley
D:4:      layout_basic, grunt_gozag_statues, nicolae_yredelemnul_corpse_copse,
          ebering_ghost_disaster_area, serial_demonic, serial_demonic_b,
          serial_demonic_f, serial_demonic_d, serial_demonic_e,
          serial_demonic_f, uniq_edmund
D:5:      layout_loops_corners, grunt_temple_overflow_lords_of_destruction,
          kennysheep_mini_moat, gup_sewer_entry_bowl, roderic_lattice_a
D:6:      layout_cave_pools, nicolae_overflow_hidden_temple, nicolae_half_adder,
          uniq_sigmund, uniq_crazy_yiuf_cottage
D:7:      layout_basic, general_overflow_altar, minmay_temple_entry_nine_rooms,
          sword_in_stone

Skill      XL: |  1  2  3  4  5  6  7  8  9 |
---------------+----------------------------+-----
Axes           | 4 5 6 |  6.0
Fighting       | 4 5 |  5.8
Armour         | 3 5 6 |  6.5
Shields        | 1 2 4 6 7 |  7.7
Dodging        | 3 4 5 |  5.7
Maces & Flails | 2 3 7 8 |  8.9
Stealth        | |  0.7

Action                     |  1- 3 |  4- 6 |  7- 9 || total
---------------------------+-------+-------+-------++-------
  Melee: Hand axe          |    81 |    94 |       ||   175
         Headbutt          |    12 |    14 |    36 ||    62
         Flail             |       |    10 |   253 ||   263
 Invoke: Berserk           |     2 |     5 |     7 ||    14
         Trog's Hand       |       |       |     5 ||     5
    Use: Potion            |       |       |     2 ||     2
         Scroll            |       |       |     1 ||     1
 Armour: Ring mail         |    23 |    54 |   193 ||   270
         Animal skin       |     2 |       |       ||     2
  Dodge: Dodged            |    33 |    40 |   207 ||   280
  Block: Tower shield      |    21 |    85 |   396 ||   502

Table legend: (Time is in decaauts)
 A = Elapsed time spent in this place.
 B = Non-inter-level travel time spent in this place.
 C = Inter-level travel time spent in this place.
 D = Time resting spent in this place.
 E = Time spent auto-exploring this place.
 F = Levels seen in this place.
 G = Mean time per level.
                   A        B        C        D        E       F      G
               +--------+--------+--------+--------+--------+-----+--------+
         Total |   7909 |   7909 |      0 |   1560 |   3086 |   7 | 1129.9 |
       Dungeon |   7909 |   7909 |      0 |   1560 |   3086 |   7 | 1129.9 |
               +--------+--------+--------+--------+--------+-----+--------+

Top non-repeatable levels by time:
     D:4: 1946 daAuts
     D:5: 1430 daAuts
     D:6: 1164 daAuts
     D:1: 1091 daAuts
     D:2: 974 daAuts
     D:3: 945 daAuts
     D:7: 356 daAuts
